 Dungeon Crawl Stone Soup version 0.28.0-47-ge53b351184 (webtiles) character file.

Game seed: 16875177678263600514

18 Bruhh the Magician (level 2, -1/21 HPs)
             Began as a Djinni Fire Elementalist on Apr 30, 2022.
             Slain by a quokka (4 damage)
             ... on level 1 of the Dungeon.
             The game lasted 00:00:39 (874 turns).

Bruhh the Magician (Djinni Fire Elementalist)        Turns: 874, Time: 00:00:40

Health: -1/21      AC:  2    Str:  7    XL:     2   Next: 85%
Gold:   16         EV: 12    Int: 16    God:
                   SH:  0    Dex: 13

rFire   + + .      SeeInvis .   (no weapon)
rCold   x . .      Faith    .   (no shield)
rNeg    . . .      Spirit   .   a - +0 robe
rPois   ∞          Reflect  .   (no helmet)
rElec   .          Harm     .   (no cloak)
rCorr   .          Rampage  .   (no gloves)
Will    .....                   (boots unavailable)
Stlth   ++........              (no amulet)
HPRegen 0.07/turn               (no ring)
MPRegen 0.00/turn               (no ring)

@: flying
A: sickness immunity, fire resistance 2, cold vulnerability 1, float, innate
caster, HP casting, extra vitality 1
a: no special abilities


You were on level 1 of the Dungeon.
You visited 1 branch of the dungeon, and saw 1 of its levels.

You collected 16 gold pieces.

Inventory:

Armour
 a - a +0 robe (worn)
Scrolls
 c - a scroll of summoning {unknown}
 d - a scroll of identify {unknown}
 e - a scroll of silence {unknown}
Potions
 b - a potion of mutation {unknown}


   Skills:
 - Level 2.1 Dodging
 - Level 1.5 Stealth
 + Level 3.1 Spellcasting


You couldn't memorise any spells.
You knew the following spells:

 Your Spells              Type           Power      Damage    Failure   Level
a - Foxfire               Conj/Fire      48%        2x1d6     5%          1
b - Scorch                Fire           24%        2d6       8%          2
c - Conjure Flame         Conj/Fire      12%        6-21      16%         3
d - Inner Flame           Hex/Fire       12%        N/A       16%         3
e - Flame Wave            Conj/Fire      12%        2d6       45%         4
Your spell library was empty.

Dungeon Overview and Level Annotations

Branches:
Dungeon (1/15)

Altars:

Shops:
D:1 *


Innate Abilities, Weirdness & Mutations

You are immune to sickness and miasma.
You are immune to poison.
Your flesh is very heat resistant. (rF++)
You are vulnerable to cold. (rC-)
You float through the air rather than walking.
You learn spells naturally, not from books.
Your magical power is your life essence.
You have superior vitality. (+4 MHP)


Message History

The foxfire hits the ball python.
The ball python is heavily wounded.
You conjure some foxfire!
The goblin shouts!
The foxfire hits the ball python.
You kill the ball python!
A goblin comes into view. It is wielding a +0 dagger.
The bat barely misses you.
You see here a bat corpse.
There are monsters nearby!
There are monsters nearby!
The bat closely misses you.
The foxfire hits the bat.
You kill the bat!
You conjure some foxfire!
You conjure some foxfire!
The foxfire hits the quokka.
The quokka is heavily wounded.
You conjure some foxfire!
The quokka bites you.
You miscast Foxfire.
You are very lightly contaminated with residual magic.
Nothing appears to happen.
The foxfire hits the goblin.
You kill the goblin!
The quokka barely misses you.
You miscast Foxfire.
Nothing appears to happen.
Your foxfire dissipates!
The quokka bites you.
* * * LOW HITPOINT WARNING * * *
The quokka bites you.
* * * LOW HITPOINT WARNING * * *
You are too injured to fight recklessly!
You are too injured to fight recklessly!
You are too injured to fight recklessly!
The quokka bites you.
* * * LOW HITPOINT WARNING * * *
You see here a bat corpse.
The quokka bites you.
* * * LOW HITPOINT WARNING * * *
The quokka closely misses you.
Your magical contamination has completely faded away.
The quokka bites you.
You die...

...................# #.#
..#..>.............##### #.#
###..................... #.# #
#................####. #.#
###.............g..####># ###.#
........................####...##
..##.....................##...##.
...#.......#....r................
.......###.###..@................
.................................
#.#...........[..................
#........................#.......
....####..#...............#...##.
....#.......##..#####.#.....#####
....#........#..........#......#
....#..>........∩.####.........#
....#.......#..................##


You could see a quokka and a goblin.

Vanquished Creatures
  4 ball pythons (D:1)
  An endoplasm (D:1)
  2 giant cockroaches (D:1)
  A goblin (D:1)
  A kobold (D:1)
  A quokka (D:1)
  4 bats (D:1)
  A rat (D:1)
15 creatures vanquished.

Vanquished Creatures (collateral kills)
  A foxfire (D:1)
1 creature vanquished.

Vanquished Creatures (others)
  69 foxfires (D:1)
69 creatures vanquished.

Grand Total: 85 creatures vanquished

Notes
Turn   | Place    | Note
-------+----------+-------------------------------------------
     0 | D:1      | Bruhh the Djinni Fire Elementalist began the quest for the
                  | Orb.
     0 | D:1      | Reached XP level 1. HP: 15/15 MP: 0/0
    56 | D:1      | Found Qualery's Assorted Antiques.
   437 | D:1      | Reached XP level 2. HP: 17/21 MP: 0/0
   749 | D:1      | Reached skill level 3 in Spellcasting
   874 | D:1      | Slain by a quokka

Illustrated notes

Levels and vault maps discovered:
D:1:      saegor_arrival_simple_d, layout_rooms, serial_shops, shop,
          dreamdust_ecumenical_altar_statues, serial_bayou, serial_bayou_ford_a,
          serial_bayou_pond_e, serial_bayou_crossing, serial_bayou_pond_b

Skill      XL: |  1  2 |
---------------+-------+-----
Spellcasting   | 3 |  3.1
Dodging        | |  2.1
Stealth        | |  1.5

Action                   || total
-------------------------++-------
Melee: Unarmed           ||     3
 Cast: Foxfire           ||    44
Armor: Robe              ||     2
Dodge: Dodged            ||    11
